[Event "Team 45 45 League T53"]
[Site "Internet Chess Club"]
[Date "2012.05.25"]
[Round "2"]
[White "cBishop"]
[Black "slowdown"]
[Result "1-0"]
[WhiteElo "1666"]
[BlackElo "1633"]
[Opening "Sicilian: Najdorf, Lipnitzky attack"]
[ECO "B86"]
[Time "12:00:32"]
[TimeControl "2700+45"]

1. e4 c5 2. Nf3 d6 3. d4 cxd4 4. Nxd4 Nf6 5. Nc3 a6 6. Bc4 e6 7. O-O Be7 8. Kh1
b5 9. Bb3 Bb7 10. f3 O-O 11. Qe1 Nbd7 12. a3 Nc5 13. Ba2 d5 14. e5 Nfd7 15. Bf4
Bg5 16. Bg3 Nb6 17. Rd1 Rc8 18. f4 Be7 19. f5 exf5 20. Rxf5 Ne6 21. Nce2 Bc5 22.
c3 Bxd4 23. Nxd4 Qc7 24. Qe2 Rcd8 25. Bh4 Rd7 26. Qg4 g6 27. Bf6 Ng7 28. Rf3 Nh5
29. Qg5 Nxf6 30. exf6 Kh8 31. Qh6 {Black resigns} 1-0

[Event "Team 45 45 League T53"]
[Site "Internet Chess Club"]
[Date "2012.05.28"]
[Round "2"]
[White "ticopatzer"]
[Black "cepheid"]
[Result "1-0"]
[WhiteElo "1650"]
[BlackElo "1628"]
[Opening "Sicilian: accelerated fianchetto, modern variation"]
[ECO "B34"]
[Time "10:32:57"]
[TimeControl "2700+45"]

1. e4 c5 2. Nf3 g6 3. d4 cxd4 4. Nxd4 Nc6 5. Nc3 Bg7 6. Be3 Nf6 7. Qd2 d5 8. Bb5
Bd7 9. exd5 Nxd4 10. Bxd7+ Qxd7 11. Qxd4 O-O 12. O-O-O Rfc8 13. f3 Ne8 14. Qa4
Qc7 15. Bd4 Bh6+ 16. Kb1 a6 17. Rhe1 b5 18. Qb4 Bg5 19. Be5 Qd7 20. Ne4 a5 21.
Qd4 Rc4 22. Qf2 Qf5 23. Nxg5 Qxg5 24. b3 Rcc8 25. h4 Qf5 26. Bb2 Rc7 27. g4 Qd7
28. h5 Rac8 29. hxg6 fxg6 30. Qd4 Kf7 31. Qf4+ Kg8 32. Qe5 Kf7 33. Rh1 Nf6 34.
g5 Nh5 35. Rxh5 gxh5 36. Qg7+ Ke8 37. Qg8# {Black checkmated} 1-0

[Event "Team 45 45 League T53"]
[Site "Internet Chess Club"]
[Date "2012.05.28"]
[Round "2"]
[White "Hal2001"]
[Black "MinnArkie"]
[Result "1/2-1/2"]
[WhiteElo "1634"]
[BlackElo "1611"]
[Opening "Sicilian: closed"]
[ECO "B23"]
[Time "09:00:30"]
[TimeControl "2700+45"]

1. e4 c5 2. Nc3 d6 3. f4 a6 4. Nf3 Nc6 5. g3 Bg4 6. Bg2 e6 7. O-O Nf6 8. h3 Bxf3
9. Bxf3 Be7 10. d3 Nd4 11. Bg2 e5 12. Ne2 Qb6 13. Nxd4 cxd4 14. fxe5 dxe5 15.
Rf5 Nd7 16. Qf1 O-O-O 17. Rb1 g6 18. Rf2 h6 19. Bd2 Bg5 20. Bxg5 hxg5 21. Rxf7
Rdf8 22. g4 Qe6 23. Rxf8+ Rxf8 24. Qe1 Qxa2 25. b3 Kb8 26. Qc1 Rc8 27. Qb2 Qxb2
28. Rxb2 Rf8 29. b4 b5 30. Bf1 Nb6 31. Ra2 Kb7 32. Be2 Na4 33. Bf1 Kb6 34. Kg2
Nc3 35. Rb2 Nd1 36. Rb1 Ne3+ 37. Kg1 Nxc2 38. Rc1 Ne3 39. Be2 Rf7 40. Rc5 Re7
41. Rc8 Re6 42. Kf2 a5 43. bxa5+ Kxa5 44. Ke1 Kb4 45. Kd2 Kb3 46. Rb8 b4 47. Rb5
Rc6 48. Bd1+ Nxd1 49. Kxd1 Rc3 50. Kd2 Rc2+ 51. Kd1 Rh2 52. Rxe5 Kc3 53. Rxg5
Kxd3 54. Kc1 Kxe4 55. Rb5 Rxh3 56. Rxb4 Rg3 57. Kd2 Rxg4 58. Ke2 Rg2+ 59. Kf1
Rg3 60. Kf2 Rf3+ 61. Kg2 g5 62. Rxd4+ Kxd4 63. Kxf3 Ke5 64. Kg4 Kf6 65. Kg3 Kf5
66. Kf3 {Game drawn by mutual agreement} 1/2-1/2

[Event "Team 45 45 League T53"]
[Site "Internet Chess Club"]
[Date "2012.05.27"]
[Round "2"]
[White "realchess"]
[Black "Gilguli"]
[Result "0-1"]
[WhiteElo "1695"]
[BlackElo "1478"]
[Opening "Sicilian: dragon, classical attack"]
[ECO "B73"]
[Time "15:04:45"]
[TimeControl "2700+45"]

1. e4 c5 2. Nf3 d6 3. d4 cxd4 4. Nxd4 Nf6 5. Nc3 g6 6. Be3 Bg7 7. Be2 O-O 8. O-O
Nc6 9. f4 Bh6 10. Qd2 Nxd4 11. Qxd4 Bg7 12. Qd2 Bd7 13. f5 Rc8 14. Bh6 Qb6+ 15.
Kh1 Qxb2 16. Nd5 Rxc2 17. Nxe7+ Kh8 18. Bxg7+ Kxg7 19. Qxd6 Rxe2 20. Rab1 Rf2
21. e5 Rxf1+ 22. Rxf1 Ne4 23. Qxd7 Nf2+ 24. Kg1 Qb6 25. Rxf2 Rd8 26. Qa4 Rd2 27.
f6+ Kf8 28. Qf4 Rd1# {White checkmated} 0-1

[Event "Team 45 45 League T53"]
[Site "Internet Chess Club"]
[Date "2012.05.29"]
[Round "2"]
[White "crazyhorses"]
[Black "Zugzwanged"]
[Result "1/2-1/2"]
[WhiteElo "1465"]
[BlackElo "1575"]
[Opening "Nimzo-Indian: Reshevsky variation"]
[ECO "E46"]
[Time "13:30:25"]
[TimeControl "2700+45"]

1. d4 Nf6 2. c4 e6 3. Nc3 Bb4 4. e3 O-O 5. Ne2 b6 6. a3 Bxc3+ 7. Nxc3 d5 8. Bd3
dxc4 9. Bxc4 Bb7 10. O-O Nbd7 11. Re1 a6 12. e4 c5 13. Bg5 cxd4 14. Qxd4 h6 15.
Bxf6 Nxf6 16. Qe5 Rc8 17. Rad1 Qc7 18. Qxc7 Rxc7 19. Bb3 Rfc8 20. e5 Nd7 21. f4
Nc5 22. Bc2 b5 23. Bb1 Kf8 24. Rd6 Ke7 25. Red1 Nd7 26. Kf2 Nb8 27. f5 Nc6 28.
fxe6 Nxe5 29. exf7 Nxf7 30. R6d2 Kf8 31. Rd7 Ke8 32. Bf5 Bc6 33. R7d2 Rd8 34.
Bg6 Rxd2+ 35. Rxd2 Ke7 36. g3 Kf6 37. Be4 Ke5 38. Bxc6 Rxc6 {Game drawn by
mutual agreement} 1/2-1/2

[Event "Team 45 45 League T53"]
[Site "Internet Chess Club"]
[Date "2012.05.26"]
[Round "2"]
[White "Timotheous"]
[Black "Rhel"]
[Result "1/2-1/2"]
[WhiteElo "1819"]
[BlackElo "1611"]
[Opening "English: Neo-Catalan"]
[ECO "A13"]
[Time "07:30:40"]
[TimeControl "2700+45"]

1. Nf3 Nf6 2. c4 e6 3. g3 d5 4. b3 Be7 5. Bb2 b6 6. Bg2 Bb7 7. O-O O-O 8. d3
Nbd7 9. Nbd2 c5 10. cxd5 exd5 11. e3 Re8 12. d4 Qc7 13. dxc5 bxc5 14. Rc1 Ng4
15. Nd4 Nge5 16. Nb5 Qb6 17. a4 Nd3 18. Rb1 Nxb2 19. Rxb2 Nf6 20. Re1 Rad8 21.
Qb1 Bc6 22. Bf1 Ng4 23. Nc3 Bf6 24. Rc2 Qb7 25. Bg2 Ne5 26. Ne2 Nd3 27. Rf1 Nb4
28. Rxc5 d4 29. Bxc6 Nxc6 30. Nxd4 Nxd4 31. exd4 Bxd4 32. Rc2 Re6 33. Re1 Rf6
34. Ne4 Rb6 35. Nc5 Bxc5 36. Rxc5 Rxb3 37. Qe4 Qxe4 38. Rxe4 Rb7 39. Rec4 Kf8
40. Rc7 Rdb8 41. Rxb7 Rxb7 42. Rc8+ Ke7 43. Ra8 Kd6 44. Rc8 Rc7 45. Rb8 Kc6
{Game drawn by mutual agreement} 1/2-1/2

[Event "Team 45 45 League T53"]
[Site "Internet Chess Club"]
[Date "2012.05.30"]
[Round "2"]
[White "Whalen"]
[Black "rahulr"]
[Result "0-1"]
[WhiteElo "1645"]
[BlackElo "1601"]
[Opening "King's Indian: 6.Be2"]
[ECO "E91"]
[Time "13:00:16"]
[TimeControl "2700+45"]

1. Nf3 Nf6 2. c4 g6 3. Nc3 Bg7 4. d4 O-O 5. e4 d6 6. Be2 Nbd7 7. O-O c5 8. Rb1
cxd4 9. Nxd4 Nc5 10. f3 Qb6 11. Be3 Nfd7 12. Qd2 Qd8 13. b4 Bxd4 14. Bxd4 Ne6
15. Be3 Ne5 16. f4 Nc6 17. a3 a6 18. f5 Ng7 19. fxg6 fxg6 20. Rxf8+ Qxf8 21. Rf1
Qd8 22. Bh6 Ne5 23. Nd5 Be6 24. Ne3 Qb6 25. Kh1 Rf8 26. Rxf8+ Kxf8 27. Nd5 Qf2
28. Bg5 Bg4 29. Bxe7+ Kf7 30. Bxd6 Bxe2 31. Ne3 Nd3 32. c5 Qe1+ 33. Qxe1 Nxe1
34. Kg1 Bd3 35. Nd5 Bxe4 36. g3 Bxd5 {White resigns} 0-1

[Event "Team 45 45 League T53"]
[Site "Internet Chess Club"]
[Date "2012.05.29"]
[Round "2"]
[White "JohLeb"]
[Black "KnightDwarf"]
[Result "0-1"]
[WhiteElo "1401"]
[BlackElo "1531"]
[Opening "QGD: Tartakower (Makagonov-Bondarevsky) system"]
[ECO "D58"]
[Time "17:00:16"]
[TimeControl "2700+45"]

1. d4 d5 2. c4 e6 3. Nf3 Nf6 4. Bg5 Be7 5. Nc3 h6 6. Bh4 O-O 7. e3 b6 8. Bd3 Bb7
9. cxd5 Nxd5 10. Bxe7 Qxe7 11. O-O Nd7 12. Nxd5 Bxd5 13. e4 Bb7 14. Rc1 c5 15.
Re1 Rac8 16. Qe2 cxd4 17. Nxd4 Nc5 18. Bb1 Rfd8 19. Nb5 Ba6 20. f3 Qe8 21. a4
Nxa4 22. Rxc8 Rxc8 23. Nd6 Bxe2 24. Nxe8 Bb5 25. Nd6 Rc5 26. Rd1 Nxb2 27. Nb7
Rc7 28. Rd8+ Kh7 29. Nd6 Rd7 30. Rxd7 Bxd7 31. Nxf7 a5 32. Ne5 Bb5 33. Kf2 a4
34. Ke3 Nc4+ 35. Nxc4 Bxc4 36. Kd2 a3 37. Kc3 a2 38. Bxa2 Bxa2 39. Kb4 Kg6 40.
Kb5 Bb1 41. Kxb6 Bd3 42. Kc5 Bf1 43. g3 Bg2 44. f4 Bxe4 45. Kd4 Bf5 46. Ke5 Kh5
47. Kd4 Kg4 48. Ke3 Kh3 49. Kf3 h5 {White resigns} 0-1

[Event "Team 45 45 League T53"]
[Site "Internet Chess Club"]
[Date "2012.05.29"]
[Round "2"]
[White "Chess-Dream"]
[Black "grabuark"]
[Result "0-1"]
[WhiteElo "2038"]
[BlackElo "2201"]
[Opening "King's Indian: Andersson variation"]
[ECO "E92"]
[Time "22:00:15"]
[TimeControl "2700+45"]

1. d4 Nf6 2. c4 g6 3. Nc3 Bg7 4. e4 d6 5. Nf3 O-O 6. Be2 e5 7. dxe5 dxe5 8. Qxd8
Rxd8 9. Bg5 Re8 10. O-O-O Na6 11. Ne1 c6 12. f3 Nc5 13. Be3 Ne6 14. Nc2 Nf4 15.
Bf1 h5 16. g3 Ne6 17. Be2 b6 18. b3 Bf8 19. Rd2 Bc5 20. Bxc5 Nxc5 21. Rd6 Re6
22. Rhd1 Rxd6 23. Rxd6 Ne8 24. Rd1 Nf6 25. b4 Ne6 26. a3 Kg7 27. Kb2 Bb7 28. Rd2
h4 29. Bf1 hxg3 30. hxg3 Rh8 31. Bg2 Rh2 32. Rf2 Nd4 33. Nxd4 exd4 34. Ne2 c5
35. bxc5 bxc5 36. Nf4 Nd7 37. Nd3 f5 38. exf5 gxf5 39. Re2 Kf6 40. Bf1 Rh1 41.
Bg2 Rd1 42. Kc2 Rg1 43. Kb3 Ba6 44. Rd2 Ne5 45. Nxc5 Bxc4+ 46. Kb2 Bd5 47. Nb3
Nc4+ {White resigns} 0-1

[Event "Team 45 45 League T53"]
[Site "Internet Chess Club"]
[Date "2012.05.29"]
[Round "2"]
[White "Sir-Sinister"]
[Black "Tobiasdelmonte"]
[Result "1-0"]
[WhiteElo "1925"]
[BlackElo "1797"]
[Opening "Giuoco Pianissimo: Italian four knights variation"]
[ECO "C28"]
[Time "22:09:18"]
[TimeControl "2700+45"]

1. e4 Nf6 2. Nc3 e5 3. Bc4 Nc6 4. Nf3 Bc5 5. d3 h6 6. Be3 Bxe3 7. fxe3 O-O 8.
O-O d6 9. d4 Bg4 10. Qd3 Qe7 11. a3 Rad8 12. Nh4 Kh8 13. Nf5 Bxf5 14. Rxf5 Na5
15. Ba2 c5 16. Raf1 Rd7 17. Rxf6 gxf6 18. Nd5 Qe6 19. Rxf6 Qg4 20. Rxh6+ Kg7 21.
Nf6 Qg5 22. Nxd7 Qxh6 23. Nxf8 Kxf8 24. dxc5 Kg7 25. cxd6 Nc6 26. c4 Qh4 27. g3
Qg5 28. c5 Qg4 29. Kg2 f5 30. h3 fxe4 31. hxg4 exd3 32. Kf3 Kf6 33. Bb1 d2 34.
Ke2 Kg5 35. Bf5 Kf6 36. Kxd2 a6 37. Kd3 Nd8 38. Ke4 Nc6 39. Kd5 Nd8 40. Bc8
{Black resigns} 1-0

[Event "Team 45 45 League T53"]
[Site "Internet Chess Club"]
[Date "2012.05.29"]
[Round "2"]
[White "Goli"]
[Black "WillC"]
[Result "1-0"]
[WhiteElo "1909"]
[BlackElo "1888"]
[Opening "French: exchange variation"]
[ECO "C01"]
[Time "16:05:19"]
[TimeControl "2700+45"]

1. e4 e6 2. d4 d5 3. exd5 exd5 4. Bd3 Bd6 5. Ne2 Nc6 6. Nbc3 Nge7 7. Bg5 Be6 8.
Nb5 O-O 9. Nxd6 Qxd6 10. O-O Nf5 11. c3 Rfe8 12. Qc2 Qd7 13. Nf4 Nd8 14. Bxd8
Raxd8 15. Nxe6 fxe6 16. Rfe1 g6 17. Re5 Ng7 18. Rae1 Rf8 19. R1e3 Rf6 20. Rh3
Qf7 21. Qd2 Nf5 22. Bxf5 exf5 23. Rhe3 Rd7 24. Qe2 Kf8 25. Re8+ Qxe8 26. Rxe8+
Kf7 27. f4 c6 28. Kf2 h6 29. Rh8 {Black resigns} 1-0

[Event "Team 45 45 League T53"]
[Site "Internet Chess Club"]
[Date "2012.05.25"]
[Round "2"]
[White "LittleWarrior"]
[Black "chess9793"]
[Result "0-1"]
[WhiteElo "1912"]
[BlackElo "2214"]
[Opening "Sicilian: Grand Prix attack"]
[ECO "B23"]
[Time "18:00:48"]
[TimeControl "2700+45"]

1. e4 c5 2. Nc3 Nc6 3. f4 g6 4. Nf3 Bg7 5. Bb5 Nd4 6. O-O Nxb5 7. Nxb5 d5 8.
exd5 a6 9. Nc3 Nf6 10. d4 Nxd5 11. dxc5 Nxc3 12. Qxd8+ Kxd8 13. bxc3 Bxc3 14.
Rb1 Kc7 15. Rb3 Bf6 16. Bd2 a5 17. Rb5 Bd7 18. Rxa5 Rxa5 19. Bxa5+ Kc6 20. Bb4
Bf5 21. c3 Be6 22. a4 Ra8 23. a5 Rd8 24. Kf2 Rd3 25. Ke2 Bc4 26. Kf2 Rxf3+ 27.
gxf3 Bxf1 28. Kxf1 e6 29. Ke1 Be7 30. Kd2 Bxc5 31. Kd3 Kb5 32. Bxc5 Kxc5 33. c4
Kb4 34. a6 bxa6 35. Kd4 f6 36. h4 h5 37. c5 Kb5 38. f5 gxf5 39. f4 a5 40. c6
Kxc6 41. Kc4 Kb6 42. Kb3 Kb5 43. Ka3 Kc4 44. Ka4 Kd4 45. Kxa5 Ke4 46. Kb5 Kxf4
47. Kc5 e5 48. Kd5 e4 {White resigns} 0-1

[Event "Team 45 45 League T53"]
[Site "Internet Chess Club"]
[Date "2012.05.25"]
[Round "2"]
[White "elmaestro"]
[Black "Fezzik"]
[Result "0-1"]
[WhiteElo "1826"]
[BlackElo "2184"]
[Opening "English: Caro-Kann defensive system"]
[ECO "A11"]
[Time "23:07:12"]
[TimeControl "2700+45"]

1. c4 c6 2. g3 d5 3. Bg2 Nf6 4. Nf3 Bf5 5. cxd5 cxd5 6. d4 Nc6 7. Nc3 e6 8. a3
Be7 9. O-O O-O 10. Nh4 Bg4 11. h3 Bh5 12. Nf3 Bxf3 13. Bxf3 Qb6 14. e3 Rac8 15.
Na4 Qd8 16. b4 Ne8 17. Bd2 Nd6 18. Nb2 Qd7 19. Kh2 Rc7 20. Qb3 Rfc8 21. Rfc1 Ne4
22. Bxe4 dxe4 23. Na4 Ne5 24. Kg2 Nf3 25. Bc3 Qb5 26. Qd1 Qf5 27. Bb2 Ng5 28. g4
Qf3+ 29. Qxf3 exf3+ 30. Kg3 Bd6+ 31. Kh4 Rxc1 32. Rxc1 Rxc1 33. Bxc1 Ne4 34. Nc5
Bg3+ 35. Kh5 Nf6+ 36. Kg5 h6# {White checkmated} 0-1

[Event "Team 45 45 League T53"]
[Site "Internet Chess Club"]
[Date "2012.05.29"]
[Round "2"]
[White "anna"]
[Black "JustinL"]
[Result "0-1"]
[WhiteElo "1580"]
[BlackElo "1969"]
[Opening "French: Steinitz variation"]
[ECO "C11"]
[Time "16:45:06"]
[TimeControl "2700+45"]

1. e4 e6 2. d4 d5 3. Nc3 Nf6 4. e5 Nfd7 5. Nf3 a6 6. Bd3 c5 7. Be3 Nc6 8. dxc5
Ndxe5 9. Nxe5 Nxe5 10. Bd4 Nc6 11. Be2 e5 12. Bxe5 Nxe5 13. Qxd5 Nc6 14. Qxd8+
Nxd8 15. Ne4 Bf5 16. Nd6+ Bxd6 17. cxd6 Nc6 18. O-O-O O-O-O 19. a3 Rhe8 20. Bf3
Re6 21. Bd5 Rexd6 22. Bxf7 Nd4 23. Rd2 Nb3+ 24. Bxb3 Rxd2 25. Rf1 Re2 26. c3
Rdd2 27. Bc4 Rc2+ 28. Kd1 Red2+ 29. Ke1 b5 {White resigns} 0-1

[Event "Team 45 45 League T53"]
[Site "Internet Chess Club"]
[Date "2012.05.26"]
[Round "2"]
[White "Kingofknights"]
[Black "ausya"]
[Result "1/2-1/2"]
[WhiteElo "1597"]
[BlackElo "1575"]
[Opening "Benkö gambit"]
[ECO "A57"]
[Time "09:00:38"]
[TimeControl "2700+45"]

1. d4 Nf6 2. c4 c5 3. d5 b5 4. b3 g6 5. Bb2 Bg7 6. Nf3 d6 7. Nbd2 Nbd7 8. e4 Qb6
9. cxb5 a6 10. a4 axb5 11. Bxb5 O-O 12. Qe2 Ba6 13. Bxa6 Rxa6 14. O-O Rfa8 15.
Qd3 Nxe4 16. Bxg7 Nxd2 17. Nxd2 Kxg7 18. Qc3+ f6 19. Rfe1 Re8 20. Nc4 Qc7 21. f4
Nb6 22. Rad1 Kf7 23. Re3 Qb7 24. Qd3 Qd7 25. Nxb6 Rxb6 26. Ra1 Ra8 27. Kf2 Rb4
28. Re4 Qf5 29. Rae1 Ra7 30. R1e3 Rxe4 31. Qxe4 Qd7 32. h3 Rb7 33. Qd3 Rb4 34.
Kf3 Rd4 35. Qc3 Rxd5 36. Qc4 e6 37. Re4 f5 38. Re3 Rd4 39. Qc3 Qc6+ 40. Kg3 h5
41. h4 e5 42. fxe5 Rg4+ 43. Kf2 Qxg2+ 44. Ke1 Qg1+ 45. Kd2 Rd4+ 46. Rd3 Qe3+ 47.
Kc2 Qe2+ 48. Rd2 Qe4+ 49. Kb2 dxe5 50. Rxd4 Qxd4 51. a5 Qd6 52. Qc4+ Ke7 53. a6
Qb6 54. Qd5 Kf6 55. Qb7 Qd6 56. Kc2 Qd4 57. a7 Qf2+ 58. Kb1 Qe1+ 59. Ka2 Qa5+
60. Kb2 Qd2+ 61. Kb1 Qd1+ 62. Ka2 Qd2+ 63. Ka3 Qa5+ 64. Kb2 Qd2+ 65. Kb1 Qd1+
66. Kb2 Qd2+ 67. Ka1 Qd1+ 68. Ka2 Qd2+ 69. Ka3 {Game drawn by mutual agreement}
1/2-1/2

[Event "Team 45 45 League T53"]
[Site "Internet Chess Club"]
[Date "2012.05.25"]
[Round "2"]
[White "scotty30"]
[Black "Bryant-L"]
[Result "0-1"]
[WhiteElo "1482"]
[BlackElo "1435"]
[Opening "Queen's pawn, Mason variation"]
[ECO "D00"]
[Time "16:00:52"]
[TimeControl "2700+45"]

1. d4 d5 2. Bf4 Bf5 3. Nf3 Nf6 4. e3 e6 5. Be2 Bd6 6. Bg3 O-O 7. O-O Nbd7 8.
Nbd2 Qe7 9. c4 c6 10. c5 Bxg3 11. fxg3 Ne4 12. Nh4 Bg6 13. Nxg6 fxg6 14. Nxe4
dxe4 15. Bc4 Rxf1+ 16. Qxf1 Rf8 17. Qe2 Kh8 18. Rf1 Nf6 19. g4 Nd5 20. Rxf8+
Qxf8 21. g5 Qf5 22. h4 Kg8 23. g4 Qf7 24. Qf2 Kf8 25. Qxf7+ Kxf7 26. Kf2 h6 27.
Bxd5 exd5 28. Kg3 Ke7 29. Kf4 Ke6 30. b3 h5 31. gxh5 gxh5 32. a3 a5 33. g6 Kf6
34. a4 Kxg6 35. Ke5 Kf7 36. Kf5 g6+ 37. Kg5 Kg7 38. Kf4 Kf6 39. Kg3 g5 40. hxg5+
Kxg5 41. Kh3 h4 42. Kg2 Kg4 43. Kf2 h3 44. Kg1 Kf3 45. Kh2 Kxe3 46. Kxh3 Kf2 47.
Kg4 e3 48. Kf5 e2 49. Ke6 e1=Q+ 50. Kd6 Qb4 51. Kc7 Qxb3 52. Kb8 Ke3 53. Kc7
Kxd4 54. Kd6 Qb4 55. Kc7 Kxc5 56. Kd7 b5 {White resigns} 0-1

[Event "Team 45 45 League T53"]
[Site "Internet Chess Club"]
[Date "2012.05.28"]
[Round "2"]
[White "caglar"]
[Black "trifire"]
[Result "0-1"]
[WhiteElo "1407"]
[BlackElo "1509"]
[Opening "Sicilian: Alapin's variation (2.c3)"]
[ECO "B22"]
[Time "11:00:54"]
[TimeControl "2700+45"]

1. e4 c5 2. c3 d6 3. Nf3 Nf6 4. e5 Ng4 5. exd6 Nc6 6. dxe7 Bxe7 7. h3 Nf6 8. Bb5
O-O 9. Bxc6 bxc6 10. O-O Be6 11. d4 Qc8 12. Ne5 Re8 13. Bg5 Rb8 14. Bxf6 Bxf6
15. f4 Rxb2 16. Rf3 Rxa2 17. Rxa2 Bxa2 18. c4 cxd4 19. Ra3 Bxb1 20. Qxb1 Qc7 21.
Qe4 Bxe5 22. fxe5 c5 23. Rb3 g6 24. Rb7 Qa5 25. Qd5 Qe1+ 26. Kh2 Qxe5+ 27. Qxe5
Rxe5 28. Rxa7 Kg7 29. Rd7 Kf6 30. Kg3 Ke6 31. Ra7 Re3+ 32. Kf2 Kf6 33. Rc7 Re5
34. Kf3 Rf5+ 35. Ke2 Ke6 36. Kd3 Kd6 37. Ra7 Rf2 38. Ra6+ Kc7 39. Ra7+ Kb6 40.
Re7 Rxg2 41. Rxf7 Rg3+ 42. Ke4 Rxh3 43. Rd7 Rh5 44. Rd6+ Ka5 45. Rd5 Kb4 46.
Rxh5 gxh5 {White resigns} 0-1

[Event "Team 45 45 League T53"]
[Site "Internet Chess Club"]
[Date "2012.05.29"]
[Round "2"]
[White "flyingpawns"]
[Black "Juan73"]
[Result "1-0"]
[WhiteElo "1835"]
[BlackElo "1650"]
[Opening "QGD: Marshall defense"]
[ECO "D06"]
[Time "20:32:55"]
[TimeControl "2700+45"]

1. d4 d5 2. c4 Nf6 3. Nc3 dxc4 4. e3 Nc6 5. Bxc4 Bf5 6. Nf3 e6 7. O-O Bd6 8. Re1
Bg4 9. h3 Bh5 10. Be2 h6 11. e4 Be7 12. Be3 g5 13. a3 g4 14. Nh2 Bg6 15. e5 gxh3
16. exf6 Bxf6 17. gxh3 Rg8 18. Kh1 Bg5 19. Rg1 Bxe3 20. fxe3 Qh4 21. Qf1 O-O-O
22. Bf3 e5 23. dxe5 Nxe5 24. Bxb7+ Kxb7 25. Qb5+ Kc8 26. Qxe5 Qxh3 27. Rg3 Qh4
28. Rg4 Qf2 29. Rc4 Rd6 30. Rf1 Qc2 31. Rg1 Be4+ 32. Qxe4 Rxg1+ 33. Kxg1 Rg6+
34. Ng4 Qc1+ 35. Kh2 Qxb2+ 36. Qg2 Qb6 37. Qa8+ Kd7 38. Ne5+ Ke7 39. Nd5+ {Black
resigns} 1-0

[Event "Team 45 45 League T53"]
[Site "Internet Chess Club"]
[Date "2012.05.27"]
[Round "2"]
[White "calily"]
[Black "FlyingTiger"]
[Result "1/2-1/2"]
[WhiteElo "1673"]
[BlackElo "1703"]
[Opening "Sicilian: closed, 6.f4"]
[ECO "B25"]
[Time "10:00:35"]
[TimeControl "2700+45"]

1. e4 c5 2. Nc3 g6 3. g3 Bg7 4. Bg2 Nc6 5. d3 d6 6. f4 Nf6 7. Nf3 O-O 8. O-O Bd7
9. Be3 Rb8 10. Rb1 b5 11. Ne2 a5 12. c3 b4 13. cxb4 Rxb4 14. b3 Qb8 15. Bd2 Rb6
16. Bc3 Rc8 17. Nd2 Ra6 18. d4 cxd4 19. Nxd4 Bg4 20. Qe1 Qb6 21. Nc4 Qc5 22. Qf2
Nxe4 23. Bxe4 Nxd4 24. Kh1 d5 25. Ne5 Bxe5 26. fxe5 Nf5 27. Qxc5 Rxc5 28. Bxf5
Bxf5 29. Rbc1 Rac6 30. Bb2 Rc2 31. Ba3 e6 32. Rxc2 Rxc2 33. Rc1 Be4+ 34. Kg1
Rg2+ 35. Kf1 h5 36. Be7 Rc2 37. Rxc2 Bxc2 38. Bd8 Bb1 39. a3 Ba2 40. b4 axb4 41.
axb4 Kf8 42. Kf2 Ke8 43. Bc7 Kd7 44. Bd6 Kc6 45. Ke3 Kb5 46. Kd4 Bb1 47. h4 Bf5
48. Be7 {Game drawn by mutual agreement} 1/2-1/2

[Event "Team 45 45 League T53"]
[Site "Internet Chess Club"]
[Date "2012.05.27"]
[Round "2"]
[White "krysto"]
[Black "PANAMA-REY"]
[Result "0-1"]
[WhiteElo "1554"]
[BlackElo "1505"]
[Opening "QGD: Marshall defense"]
[ECO "D06"]
[Time "21:00:22"]
[TimeControl "2700+45"]

1. d4 d5 2. c4 Nf6 3. Nc3 Bf5 4. Nf3 Nc6 5. a3 g6 6. e3 Bg7 7. Qb3 Na5 8. Qa4+
c6 9. Bd2 O-O 10. cxd5 cxd5 11. Nxd5 Nc6 12. Nxf6+ Bxf6 13. Be2 Bd7 14. Qb3 Rb8
15. O-O Be6 16. Bc4 Bg4 17. Be2 Be6 18. Qd1 Rc8 19. Bc3 Bd5 20. Nd2 e5 21. dxe5
Nxe5 22. Rc1 Bg7 23. e4 Be6 24. f3 Rc7 25. Kh1 Rd7 26. Bb4 Re8 27. Bb5 Nc6 28.
Bxc6 bxc6 29. Qc2 a5 30. Bc3 Bxc3 31. Qxc3 Rxd2 32. Qxc6 Rd6 33. Qc3 Qb6 34. b4
axb4 35. axb4 Red8 36. h3 Rd3 37. Qc5 Qxc5 38. bxc5 Rd2 39. Rc3 Rd1 40. Rxd1
Rxd1+ 41. Kh2 Rd8 42. c6 Rc8 43. c7 Kf8 44. e5 Ke7 45. f4 Kd7 46. g4 Rxc7 47.
Rxc7+ Kxc7 48. Kg3 Kd7 49. Kf3 Kc6 50. Ke4 Bd5+ 51. Kd4 Be6 52. Ke4 Kc5 53. f5
gxf5+ 54. gxf5 Bd5+ 55. Kf4 h6 56. h4 Kd4 57. e6 fxe6 58. fxe6 Bxe6 59. Kf3 Ke5
60. Ke3 Kf5 61. Kf3 h5 62. Kg3 Ke4 63. Kf2 Kf4 64. Kg2 Kg4 65. Kg1 Kxh4 66. Kh2
Kg4 67. Kg2 h4 68. Kh2 h3 69. Kh1 Kg3 70. Kg1 h2+ {White resigns} 0-1

[Event "Team 45 45 League T53"]
[Site "Internet Chess Club"]
[Date "2012.05.28"]
[Round "2"]
[White "pereelcoix"]
[Black "Berke"]
[Result "1-0"]
[WhiteElo "1230"]
[BlackElo "1591"]
[Opening "Alekhine's defense: modern variation, 4...Bg4"]
[ECO "B05"]
[Time "06:00:13"]
[TimeControl "2700+45"]

1. e4 Nf6 2. e5 Nd5 3. Nf3 d6 4. d4 Bg4 5. Be2 e6 6. O-O Be7 7. c4 Nb6 8. h3
Bxf3 9. Bxf3 c6 10. exd6 Bf6 11. c5 Nd5 12. Bxd5 cxd5 13. Nc3 Nc6 14. Be3 a6 15.
b4 Nxb4 16. Rb1 Qa5 17. Qa4+ Qxa4 18. Nxa4 Nc2 19. Rxb7 Nxe3 {Black resigns} 1-0

[Event "Team 45 45 League T53"]
[Site "Internet Chess Club"]
[Date "2012.05.24"]
[Round "2"]
[White "chesswooog"]
[Black "Ptzz"]
[Result "1/2-1/2"]
[WhiteElo "2171"]
[BlackElo "2073"]
[Opening "Sicilian: Smith-Morra gambit"]
[ECO "B21"]
[Time "15:00:43"]
[TimeControl "2700+45"]

1. e4 c5 2. d4 cxd4 3. c3 g6 4. cxd4 d5 5. e5 Bg7 6. Nc3 Nc6 7. g3 Nh6 8. Bg2
Bg4 9. Qb3 Nxd4 10. Qa4+ Nc6 11. Bxh6 Bxh6 12. Qxg4 d4 13. Bxc6+ bxc6 14. Rd1 c5
15. Kf1 Qa5 16. Nd5 Rd8 17. Qh4 Rxd5 18. Qxh6 Qxa2 19. Kg2 Rxe5 20. Qg7 Qd5+ 21.
Nf3 Rf5 22. Qxh8+ Kd7 23. Rd3 g5 24. Ra1 Qb7 25. Rxd4+ cxd4 26. Qxd4+ Ke8 27.
Rxa7 Qxf3+ 28. Kg1 e5 29. Qc5 Qd1+ 30. Kg2 Qf3+ 31. Kh3 Qh5+ 32. Kg2 Qf3+ 33.
Kf1 Qd1+ {Game drawn by mutual agreement} 1/2-1/2

[Event "Team 45 45 League T53"]
[Site "Internet Chess Club"]
[Date "2012.05.28"]
[Round "2"]
[White "Jack-ONeill"]
[Black "filiusdextris"]
[Result "1-0"]
[WhiteElo "2069"]
[BlackElo "2016"]
[Opening "Réti opening"]
[ECO "A04"]
[Time "13:01:14"]
[TimeControl "2700+45"]

1. Nf3 g6 2. g3 Bg7 3. Bg2 e5 4. d3 Nc6 5. c4 d6 6. Nc3 f5 7. Bg5 Nf6 8. Nd5 h6
9. Bxf6 Bxf6 10. Nxf6+ Qxf6 11. O-O Be6 12. Ne1 O-O 13. Rb1 Rae8 14. b4 e4 15.
b5 Ne5 16. Qa4 exd3 17. exd3 f4 18. Bxb7 Bh3 19. Nf3 Nxf3+ 20. Bxf3 fxg3 21.
Bd5+ Kg7 22. hxg3 Bxf1 23. Rxf1 Qd4 24. Qa5 Re7 25. Qd2 h5 26. Re1 Rfe8 27.
Rxe7+ Rxe7 28. Kg2 h4 29. a4 hxg3 30. fxg3 Re3 31. Qf2 Rxd3 32. Qf7+ Kh6 33.
Qf8+ Kg5 34. Qe7+ Qf6 35. Qe2 Qd4 36. Qe7+ Qf6 37. Qe2 Rb3 38. Qd2+ Kh5 39. Qd1+
{Black resigns} 1-0

[Event "Team 45 45 League T53"]
[Site "Internet Chess Club"]
[Date "2012.05.27"]
[Round "2"]
[White "Holzschlange"]
[Black "PandorasBox"]
[Result "1-0"]
[WhiteElo "1837"]
[BlackElo "1880"]
[Opening "Réti opening"]
[ECO "A04"]
[Time "17:04:56"]
[TimeControl "2700+45"]

1. Nf3 b6 2. g3 Bb7 3. Bg2 d5 4. c4 Nf6 5. d4 e6 6. O-O Be7 7. Qc2 O-O 8. Bf4 c6
9. Rd1 Nbd7 10. Ne5 Nxe5 11. Bxe5 Nd7 12. cxd5 Nxe5 13. dxe5 cxd5 14. Nc3 Rc8
15. Qa4 a6 16. Qg4 Rc4 17. Qh5 g6 18. Qf3 Qc7 19. Qe3 Rd8 20. Rd4 Bc5 21. Rxc4
dxc4 22. Qg5 Bxg2 23. Kxg2 Be7 24. Qe3 b5 25. f4 Bc5 26. Qf3 Rd2 27. Ne4 Rxb2
28. Nf6+ {Black resigns} 1-0